[Event "*** Titled Tuesday Blitz"]
[Site "Chess.com"]
[Date "2019.07.02"]
[Round "6"]
[White "Rocky2070"]
[Black "gympod"]
[Result "0-1"]
[WhiteElo "1945"]
[BlackElo "2298"]
[TimeControl "180+2"]
[EndTime "14:23:06 PDT"]
[Termination "gympod won by checkmate"]

1. e4 c5 2. Nc3 d6 3. d4 cxd4 4. Qxd4 a6 5. b3 Nc6 6. Qd2 g6 7. Bb2 Bg7 8. O-O-O Nf6 9. f3 O-O 10. g4 Bd7 11. h4 h5 12. gxh5 Nxh5 13. Be2 Kh7 14. Kb1 b5 15. f4 Ng3 16. Rh2 Nxe2 17.
Qxe2 Kg8 18. h5 Qc8 19. hxg6 fxg6 20. f5 gxf5 21. Qh5 Rf7 22. Nd5 e5 23. Nf3 Be8 24. Ng5 Rb7 25. Qh7+ Kf8 26. Rdh1 f4 27. Qh8+ Bxh8 28. Rxh8+ Kg7 29. R1h6 Bg6 30. Rxc8 Rxc8 31. Rh1 Ne7 32. Ne6+ Kf7 33. Nxe7 Kxe7 34. Ng5 Rbc7 35. c3 d5 36. Ka1 dxe4 37. Re1 e3 38. Nf3 e4 39. Nd4 Rxc3 40. Bxc3 Rxc3 41. Kb2 Rd3 42. Ne2 f3 43. Nf4 Rd2+ 44. Kc3 f2 45. Nxg6+ Kf6 46.
Rxe3 Rd3+ 47. Rxd3 exd3 48. Kxd3 f1=Q+ 49. Ke3 Kxg6 50. Kd4 Qa1+ 51. Kc5 Qxa2 52. Kb6 Qxb3 53. Kxa6 b4 54. Ka5 Qc3 55. Kb5 b3 56. Ka4 b2 57. Kb5 b1=Q+ 58. Ka6 Qa3# 0-1

[Event "*** Titled Tuesday Blitz"]
[Site "Chess.com"]
[Date "2019.07.02"]
[Round "6"]
[White "temus_galaktionov"]
[Black "Sanan_Sjugirov"]
[Result "1-0"]
[WhiteElo "2540"]
[BlackElo "2951"]
[TimeControl "180+2"]
[EndTime "14:23:09 PDT"]
[Termination "temus_galaktionov won by resignation"]

1. d4 Nf6 2. Nf3 g6 3. c4 Bg7 4.
Nc3 d5 5. cxd5 Nxd5 6. e4 Nxc3 7.
bxc3 c5 8. Be3 Qa5 9. Qd2 O-O 10. Rc1 Nd7 11. Bd3 e5 12. dxe5 Nxe5 13. Nxe5 Bxe5 14. Bc4 Be6 15. Bxe6 fxe6 16. O-O Rad8 17. Qe2 Bf4 18. Qc4 Qa6 19. Qxa6 bxa6 20. Bxc5 Bxc1 21.
Bxf8 Kxf8 22. Rxc1 Rd2 23. g3 Rxa2 24. Rb1 Rc2 25. Rb7 Rxc3 26. Rxh7 a5 27. Rxa7 Ra3 28. h4 a4 29. Kg2 Ra2 30. Kf3 a3 31. Ke3 Kg8 32.
f3 e5 33. f4 exf4+ 34. Kxf4 Ra1 35. Kg5 a2 36. Kxg6 Kf8 37. e5 Rg1 38. Rxa2 Rxg3+ 39. Kf6 Rf3+ 40. Ke6 Rb3 41. h5 Kg7 42. Rg2+ Kf8 43.
Rh2 Rb6+ 44. Kf5 Kg7 45. h6+ Kh7 46. e6 Rb1 47. Kf6 Rf1+ 48. Ke7 Re1 49. Kd7 Rd1+ 50. Ke8 Re1 51. e7 Re3 52. Rd2 1-0

[Event "*** Titled Tuesday Blitz"]
[Site "Chess.com"]
[Date "2019.07.02"]
[Round "6"]
[White "Jospem"]
[Black "Rish_97"]
[Result "1-0"]
[WhiteElo "2861"]
[BlackElo "2523"]
[TimeControl "180+2"]
[EndTime "14:23:10 PDT"]
[Termination "Jospem won by resignation"]

1. c4 c5 2. Nf3 Nc6 3. Nc3 g6 4. e3 Nf6 5. d4 cxd4 6. exd4 d5 7. cxd5 Nxd5 8. Qb3 e6 9. Bb5 Bg7 10. O-O O-O 11. Bxc6 bxc6 12. Ne4 a5 13. Bd2 a4 14. Qc2 Qb6 15. Rfe1 Nb4 16. Qc3 Rb8 17. Bg5 Nd5 18.
Qa3 Qxb2 19. Qxa4 h6 20. Bd2 Qb5 21. Qc2 Nb4 22. Qc3 Nd3 23. Red1 Ba6 24. Be3 Qd5 25.
Ng3 Nb2 26. Rdc1 c5 27. Qxc5 Qxc5 28. Rxc5 Rfc8 29. Ne4 Bd3 30. Rxc8+ Rxc8 31. Nc5 Bc4 32. a4 Bd5 33. a5 Nc4 34. Nd3 Bxf3 35. gxf3 Rd8 36. a6 Nb6 37. Nb4 Bxd4 38. Rd1 e5 39.
Nc6 Ra8 40. a7 Nc8 41. Nxd4 exd4 42. Rxd4 Kf8 43. Rb4 1-0

[Event "*** Titled Tuesday Blitz"]
[Site "Chess.com"]
[Date "2019.07.02"]
[Round "6"]
[White "FelixBlohberger"]
[Black "dolynachess"]
[Result "1-0"]
[WhiteElo "2525"]
[BlackElo "2453"]
[TimeControl "180+2"]
[EndTime "14:23:10 PDT"]
[Termination "FelixBlohberger won by resignation"]

1. e4 d5 2. exd5 Qxd5 3. Nc3 Qd8 4. d4 Nf6 5. Nf3 Bg4 6. h3 Bxf3 7. Qxf3 c6 8. Be3 e6 9. g4 Bb4 10. Bd3 Qd5 11. Qxd5 cxd5 12. a3 Bxc3+ 13. bxc3 Nbd7 14. c4 dxc4 15. Bxc4 Rc8 16. Bb3 Nb6 17. Ke2 Nc4 18.
Kd3 b5 19. Rhb1 Nd5 20. a4 a6 21. axb5 axb5 22. Ba2 Nd6 23. Bxd5 exd5 24. Bf4 Nc4 25. Rxb5 Rd8 26. Re1+ Kf8 27. Ra1 f6 28. Ra7 h5 29.
Rbb7 hxg4 30. Rf7+ Kg8 31. Rxg7+ Kf8 32. Raf7+ Ke8 33.
Re7+ Kf8 34. Ref7+ Ke8 35. hxg4 Nd6 36. Rxf6 Ne4 37.
Rff7 Nxf2+ 38. Ke2 Nxg4 39. Re7+ Kf8 40. Ref7+ Ke8 41.
Ra7 Nf6 42. Rge7+ Kf8 43. Rf7+ Ke8 44. Rxf6 1-0

[Event "*** Titled Tuesday Blitz"]
[Site "Chess.com"]
[Date "2019.07.02"]
[Round "6"]
[White "JuliaEfremova"]
[Black "lrestevez"]
[Result "1-0"]
[WhiteElo "1987"]
[BlackElo "2131"]
[TimeControl "180+2"]
[EndTime "14:23:17 PDT"]
[Termination "JuliaEfremova won by resignation"]

1. d4 Nf6 2. Bf4 c5 3. e3 e6 4. Nf3 cxd4 5. exd4 Qb6 6. Qc1 Nc6 7. c3 d6 8. Bd3 Be7 9. O-O O-O 10. Nbd2 Bd7 11. Nc4 Qc7 12. h3 Rad8 13. Re1 b5 14. Ne3 a6 15. Qd2 Rfe8 16. Rad1 Na5 17. Bh2 Bc6 18. Qe2 Bb7 19. Bb1 Nc4 20. Nxc4 bxc4 21. Nd2 Bd5 22. Ne4 Bxe4 23. Bxe4 Nxe4 24. Qxe4 Qb6 25. Re2 d5 26. Qg4 Bd6 27. Be5 Bxe5 28. dxe5 Qc7 29. h4 a5 30. h5 h6 31. Rd4 Qe7 32. Qg3 a4 33. a3 Rb8 34. Rg4 f5 35.
exf6 Qxf6 36. Rg6 Qf7 37. Rxh6 Rf8 38. Rg6 Rb6 39. h6 Qf5 40. Rxg7+ Kh8 41. h7 Rbb8 42. Re5 Qf6 43. Reg5 Rbe8 44. Rg8+ Kxh7 45. Rh5+ 1-0

[Event "*** Titled Tuesday Blitz"]
[Site "Chess.com"]
[Date "2019.07.02"]
[Round "6"]
[White "Airquake"]
[Black "Etoilegeniale"]
[Result "0-1"]
[WhiteElo "2651"]
[BlackElo "2494"]
[TimeControl "180+2"]
[EndTime "14:23:17 PDT"]
[Termination "Etoilegeniale won on time"]

1. e4 c5 2. Nf3 d6 3. d4 cxd4 4. Nxd4 Nf6 5. Nc3 a6 6. Be2 e5 7. Nb3 Be7 8. O-O O-O 9. f4 exf4 10. Bxf4 Nc6 11. Qd2 Be6 12. Rad1 Ne5 13. Nd4 Qc7 14.
Kh1 Rfe8 15. Bg5 Rac8 16. Nf5 Bxf5 17. Rxf5 Ned7 18. Rdf1 b5 19. a3 Qc6 20. Bd1 Qc4 21.
h3 Bf8 22. Be2 Qe6 23. Bd3 Nh5 24. Qf2 f6 25. Be3 g6 26. Rf3 Ne5 27. g4 Nxf3 28.
Qxf3 Ng7 29. Nd5 Be7 30. Bd4 Rf8 31. Bxf6 Bxf6 32. Nxf6+ Kh8 33. g5 Qe5 34. Qg4 Nh5 35.
Rf3 Rcd8 36. Qh4 Rf7 37. Ng4 Qg7 38. Qf2 Rxf3 39. Qxf3 Rf8 40. Qe3 Qe7 41. e5 dxe5 42.
h4 Nf4 43. Be4 Qe6 44. Bf3 Re8 45. Nf6 Qh3+ 46. Kg1 Qg3+ 47. Kf1 Rd8 48. Ne4 Rd1+ 49. Bxd1 Qxe3 0-1

[Event "*** Titled Tuesday Blitz"]
[Site "Chess.com"]
[Date "2019.07.02"]
[Round "6"]
[White "TonRicher"]
[Black "Vegan4future"]
[Result "0-1"]
[WhiteElo "2403"]
[BlackElo "2405"]
[TimeControl "180+2"]
[EndTime "14:23:19 PDT"]
[Termination "Vegan4future won by resignation"]

1. d4 Nf6 2. c4 g6 3. Nc3 Bg7 4. e4 d6 5. Nf3 O-O 6. Be2 e5 7.
d5 a5 8. Bg5 h6 9. Be3 Na6 10. Nd2 Nd7 11. f3 f5 12. a3 f4 13. Bf2 Qg5 14. Bf1 Nac5 15. b4 axb4 16. axb4 Rxa1 17. Qxa1 Na6 18. Qa3 Qe7 19. c5 dxc5 20.
bxc5 Ndxc5 21. d6 Qxd6 22. Nd5 Be6 23. Bc4 Kh7 24. O-O Bxd5 25. exd5 Rd8 26. Rc1 Bf8 27. Qa1 Bg7 28. Qb1 h5 29. Bxa6 Nxa6 30. Ne4 Qb4 31.
Ng5+ Kg8 32. Qxg6 Qe7 33. Bh4 Rxd5 34. Qh7+ Kf8 35. Qxh5 Qd7 36. Rf1 Rd1 37. Nh7+ Kg8 38. Ng5 Rxf1+ 39. Kxf1 e4 40. Qh7+ Kf8 41. Qxe4 Qd1+ 42.
Be1 Nc5 43. Qf5+ Kg8 44. Qxc5 Qd3+ 45. Kg1 Bd4+ 46. Bf2 Bxc5 47. Bxc5 Qd1+ 48. Kf2 Qc2+ 49. Kf1 Qxc5 50. Ne4 Qe5 51. Ke2 b5 52. Kd3 c5 53.
g3 c4+ 54. Ke2 fxg3 55. hxg3 b4 56. Ke3 b3 57. f4 Qe7 58. Kd4 b2 59. Nc3 Qg7+ 60.
Kxc4 Qxc3+ 61. Kxc3 b1=Q 0-1

[Event "*** Titled Tuesday Blitz"]
[Site "Chess.com"]
[Date "2019.07.02"]
[Round "6"]
[White "Oleksandr_Bortnyk"]
[Black "DenisQ"]
[Result "1-0"]
[WhiteElo "2939"]
[BlackElo "2629"]
[TimeControl "180+2"]
[EndTime "14:23:28 PDT"]
[Termination "Oleksandr_Bortnyk won by resignation"]

1. e4 c6 2. c4 d5 3. cxd5 cxd5 4. exd5 Nf6 5. Qa4+ Bd7 6. Qb3 Na6 7. d4 Qb6 8.
Bxa6 bxa6 9. Nf3 Qxb3 10. axb3 Nxd5 11. Rxa6 Nb4 12. Ra5 e6 13. Nc3 Bc6 14. Ke2 Bd6 15. Ne5 Bxe5 16. dxe5 O-O 17. f3 Rfd8 18. Be3 a6 19.
Bb6 Rd7 20. Bc5 Nd5 21. Bd6 Rb7 22. Nxd5 Bxd5 23. b4 Rc8 24. Kd2 Rc6 25. Rha1 Bc4 26. Rc1 Rb5 27. Ra3 Rd5+ 28. Ke3 f6 29. f4 fxe5 30.
fxe5 Bb5 31. Rxc6 Bxc6 32. Rxa6 Bb5 33. Ra7 Rd3+ 34. Kf4 Rd2 35. Rb7 Bc6 36. Rb8+ Kf7 37. g4 Rxb2 38. h4 h6 39. h5 Rf2+ 40. Ke3 Rf3+ 41.
Kd4 g6 42. b5 Bd5 43. b6 gxh5 44. gxh5 Rb3 45. Kc5 Rc3+ 46. Kb5 Rb3+ 47. Ka5 Rb1 48. Bb4 Rh1 49. b7 1-0

[Event "*** Titled Tuesday Blitz"]
[Site "Chess.com"]
[Date "2019.07.02"]
[Round "6"]
[White "platy3"]
[Black "Oleg_Papayan"]
[Result "1-0"]
[WhiteElo "2821"]
[BlackElo "2520"]
[TimeControl "180+2"]
[EndTime "14:23:28 PDT"]
[Termination "platy3 won by resignation"]

1. e4 c6 2. Nf3 d5 3. d3 Bg4 4. h3 Bxf3 5. Qxf3 e6 6. g3 Nd7 7.
Bg2 Ngf6 8. O-O Bd6 9. Qe2 Qb6 10. Kh1 e5 11. Nc3 d4 12. Nd1 O-O-O 13. a4 c5 14. b3 h5 15. h4 Ng8 16. Nb2 Ne7 17. Nc4 Qc7 18. Bh3 Kb8 19. f4 f6 20.
Bd2 Nc6 21. Bg2 Nb6 22. f5 Nxc4 23. bxc4 a5 24. Bf3 Qf7 25. Rg1 Nb4 26. Qd1 Rdg8 27.
Rg2 g5 28. fxg6 Qxg6 29. Bxb4 cxb4 30. Qe2 Qh6 31. Rf1 Be7 32. Qd1 Rg7 33. Be2 Rhg8 34. Kh2 Qe3 35. Rf3 Qh6 36. Rf5 Qe3 37. Bf3 b3 38. cxb3 Bb4 39. Re2 Qh6 40. Rxh5 Qg6 41. Rg2 Rh7 42. Rxh7 Qxh7 43. Bg4 Qh6 44. Qf3 Bd2 45. Kh3 Be3 46. Bf5 Rh8 47. Qg4 Bg5 48. Rb2 Bc1 49. Rc2 Ka7 50. Qe2 Bg5 51. Qe1 Kb8 52.
Kg2 Be3 53. c5 Rg8 54. Kh3 Qg7 55. c6 Qc7 56. b4 b6 57. bxa5 bxa5 58. Qb1+ Ka8 59. Qb5 Rxg3+ 60. Kxg3 1-0

[Event "*** Titled Tuesday Blitz"]
[Site "Chess.com"]
[Date "2019.07.02"]
[Round "6"]
[White "axvesik"]
[Black "FMJoseHerrera"]
[Result "1/2-1/2"]
[WhiteElo "2448"]
[BlackElo "2631"]
[TimeControl "180+2"]
[EndTime "14:23:29 PDT"]
[Termination "Game drawn by repetition"]

1. e4 c5 2. Nf3 e6 3. d4 cxd4 4. Nxd4 a6 5. Nc3 Qc7 6. Bd3 d6 7. O-O Nf6 8. Qe2 Nbd7 9. Kh1 h5 10. Bg5 Be7 11. f4 b5 12. a3 Bb7 13. Rae1 h4 14.
Rf3 h3 15. Rxh3 Rxh3 16. gxh3 Nc5 17. Kg1 Qb6 18. Qf2 Rc8 19. e5 dxe5 20. fxe5 Nxd3 21. cxd3 Bc5 22. Be3 Nd5 23. Nxd5 Bxd5 24. b4 Bxd4 25. Bxd4 Qd8 26. Bc5 Qg5+ 27. Qg3 Qh6 28. Rf1 f5 29.
exf6 gxf6 30. Qg8+ Kd7 31. Qf7+ Kc6 32. Rxf6 Qc1+ 33.
Kf2 Qd2+ 34. Kg3 Qg2+ 35. Kf4 Qxh2+ 36. Ke3 Qxh3+ 37. Kd2 Qh2+ 38. Kc3 Qe5+ 39. Kc2 Qe2+ 40. Kc3 Qe1+ 41. Kc2 Rh8 42. Rf1 Rh2+ 43. Rf2 Rxf2+ 44. Qxf2 Qa1 45. Qf8 Qa2+ 46. Kc1 Qxa3+ 47. Kd2 Qb2+ 48. Ke3 Qc1+ 49. Kf2 Qc2+ 50. Ke3 Qc1+ 51. Kd4 Qg1+ 52. Kc3 Qa1+ 53. Kd2 Qb2+ 54. Ke3 Qc1+ 1/2-1/2

[Event "*** Titled Tuesday Blitz"]
[Site "Chess.com"]
[Date "2019.07.02"]
[Round "6"]
[White "guillembaches"]
[Black "Mbneu"]
[Result "0-1"]
[WhiteElo "2308"]
[BlackElo "2330"]
[TimeControl "180+2"]
[EndTime "14:23:32 PDT"]
[Termination "Mbneu won by resignation"]

1. e4 c5 2. Nf3 Nf6 3. d3 d5 4.
Nbd2 Nc6 5. g3 g6 6. Bg2 Bg7 7. O-O O-O 8. exd5 Nxd5 9. Re1 Bg4 10. h3 Bc8 11. a3 b6 12. Rb1 Bb7 13. c4 Nf6 14. b4 cxb4 15. axb4 Qxd3 16. b5 Na5 17. Rxe7 Qd6 18. Re3 Nxc4 19. Rc3 Nxd2 20. Qxd2 Qxd2 21. Bxd2 Rfc8 22. Ra3 Be4 23. Re1 Re8 24. Rc1 h6 25. Rc7 Red8 26. Be3 Rd7 27. Bxb6 axb6 28. Rxa8+ Bxa8 29.
Rc8+ Kh7 30. Rxa8 Rd5 31. Ra7 Rxb5 32. Rxf7 Rb1+ 33. Kh2 Ne4 34. Nd4 Ng5 35. Rb7 Rd1 36. Nc6 Rd2 37. Kg1 Rb2 38. f4 Ne6 39. Be4 Nc5 40.
Re7 Nxe4 41. Rxe4 b5 42. g4 Bc3 43. f5 gxf5 44. gxf5 b4 45. Re7+ Kg8 46. f6 Bxf6 47. Rb7 Rb1+ 48. Kf2 b3 49. Ke2 b2 50. Kd2 Rh1 51. Kc2 Rh2+ 52. Kb1 Rxh3 53. Rb8+ Kh7 54. Na5 Rh1+ 55. Kc2 Rc1+ 56. Kd2 b1=Q 0-1

[Event "*** Titled Tuesday Blitz"]
[Site "Chess.com"]
[Date "2019.07.02"]
[Round "6"]
[White "Pechen_Yeltsina"]
[Black "Chesstrainer1"]
[Result "1/2-1/2"]
[WhiteElo "2660"]
[BlackElo "2424"]
[TimeControl "180+2"]
[EndTime "14:23:32 PDT"]
[Termination "Game drawn by repetition"]

1. d4 Nf6 2. c4 g6 3. Nc3 Bg7 4. e4 d6 5. Nge2 O-O 6. Ng3 a6 7. h4 c5 8. d5 b5 9. cxb5 axb5 10. Bxb5 Qa5 11. O-O Ba6 12. Qe2 Nfd7 13. Bxa6 Qxa6 14. h5 Ne5 15. hxg6 hxg6 16. Nb5 Nbd7 17. a4 Nb6 18. Qc2 Rfc8 19. Bg5 Kf8 20. Ne2 Qb7 21. Nec3 c4 22. Be3 Nd3 23. Bd4 Nd7 24. Bxg7+ Kxg7 25. Rfb1 N7c5 26.
Ra3 Rh8 27. Nd1 Rh4 28. Qxc4 Rah8 29. Kf1 Nf4 30. f3 Rh2 31. Qd4+ f6 32. Qe3 g5 33.
Nf2 Rxg2 34. b4 Nd7 35. Nd4 Rhh2 36. Nf5+ Kf8 37. Ra2 Ne5 38. a5 Qb5+ 39. Ke1 Rg1+ 40. Kd2 Rxb1 41. a6 Qxb4+ 42. Kc2 Qc4+ 43. Kxb1 Rg2 44. a7 Rg1+ 45. Kb2 Qb4+ 46. Kc2 Qb1+ 47. Kc3 Rc1+ 48. Qxc1 Qxc1+ 49. Kb3 Qb1+ 50. Rb2 Qa1 51. Ra2 Qb1+ 52. Rb2 Qa1 53. Ra2 Qb1+ 1/2-1/2

[Event "*** Titled Tuesday Blitz"]
[Site "Chess.com"]
[Date "2019.07.02"]
[Round "6"]
[White "SalgadoChess91"]
[Black "MITerryble"]
[Result "1/2-1/2"]
[WhiteElo "2832"]
[BlackElo "2828"]
[TimeControl "180+2"]
[EndTime "14:23:33 PDT"]
[Termination "Game drawn by agreement"]

1. d4 e6 2. c4 Bb4+ 3. Bd2 Qe7 4. g3 Nf6 5. Bg2 Nc6 6. e3 d5 7. Qc2 O-O 8. Ne2 Rd8 9. O-O dxc4 10. Qxc4 Bxd2 11. Nxd2 e5 12. d5 Nb4 13. Nc3 c6 14. e4 cxd5 15. Nxd5 Nfxd5 16. exd5 Bf5 17. d6 Qxd6 18.
Ne4 Qe7 19. Rad1 h6 20. h3 Nc6 21. Nc5 Nd4 22. Nxb7 Rdc8 23. Qd5 Qf6 24. Rfe1 Re8 25.
Nd6 Red8 26. Qxe5 Qxe5 27. Rxe5 Rxd6 28. Bxa8 Ne2+ 29. Rxe2 Rxd1+ 30. Kg2 Be6 31. a3 Rc1 32. Be4 g5 33. h4 gxh4 34. gxh4 Kg7 35. Rc2 Re1 36.
f3 Kf6 37. Kg3 Rg1+ 38. Kf4 Rh1 39. Rc7 Rxh4+ 40. Ke3 Rh2 41. b4 h5 42. Rxa7 h4 43. b5 Rb2 44. a4 h3 45. Ra8 Kg7 46. Rd8 Rb4 47. Rd4 h2 48. Rd1 Rxa4 49. Rh1 Rb4 50. Bc6 Bc4 51. Rxh2 Bxb5 52. Bxb5 Rxb5 1/2-1/2

[Event "*** Titled Tuesday Blitz"]
[Site "Chess.com"]
[Date "2019.07.02"]
[Round "6"]
[White "Siniauski"]
[Black "Kawhi_Leonard2"]
[Result "0-1"]
[WhiteElo "2420"]
[BlackElo "2322"]
[TimeControl "180+2"]
[EndTime "14:23:36 PDT"]
[Termination "Kawhi_Leonard2 won by checkmate"]

1. e4 c5 2. Nf3 d6 3. Bb5+ Bd7 4. Bxd7+ Qxd7 5. c4 Nf6 6. Nc3 Nc6 7. O-O g6 8. d4 cxd4 9. Nxd4 Bg7 10. Be3 Ng4 11. Nd5 Nxe3 12. fxe3 O-O 13. Nf3 Rac8 14. Qd2 Ne5 15.
Nxe5 Bxe5 16. Rac1 Qd8 17. b3 e6 18. Nf4 Qe7 19.
Rfd1 Rfd8 20. Nd3 Bg7 21. a4 Qh4 22. Nf2 Be5 23. g3 Qh5 24. a5 Qf3 25. Kf1 h5 26.
Qe2 Qf6 27. Kg2 Qg5 28. Qf3 Kg7 29. Rf1 Rd7 30. Rcd1 Bc3 31. Nh3 Qxa5 32. Nf4 Qa2+ 33. Rf2 Qxb3 34. Rdf1 Qxc4 35. Kh3 Qc5 36. g4 hxg4+ 37.
Qxg4 Rh8+ 38. Kg2 Qe5 39. Qg3 Qxe4+ 40. Kg1 Be5 41. Rd1 d5 42. Rdf1 b5 43. Qg4 Qxe3 44.
Kg2 Qe4+ 45. Kg1 Bxf4 46. Rxf4 Qe3+ 47. Kg2 Rc7 48. R1f2 Rh5 49. R4f3 Qe4 50. Qg3 Rf5 51. Qxc7 Kg8 52. Kg3 Rg5+ 53. Kh3 Qg4# 0-1

[Event "*** Titled Tuesday Blitz"]
[Site "Chess.com"]
[Date "2019.07.02"]
[Round "6"]
[White "kosya4ok"]
[Black "Alex_Terzi"]
[Result "1-0"]
[WhiteElo "2767"]
[BlackElo "2475"]
[TimeControl "180+2"]
[EndTime "14:23:38 PDT"]
[Termination "kosya4ok won by resignation"]

1. e4 e6 2. d4 d5 3. Nc3 Bb4 4. e5 Ne7 5. Ne2 O-O 6. a3 Ba5 7. b4 Bb6 8. Na4 Bd7 9. c3 Bb5 10. Nb2 a5 11. Bg5 f6 12. exf6 gxf6 13. Bh6 Rf7 14.
Ng3 Bxf1 15. Rxf1 axb4 16. axb4 Rxa1 17. Qxa1 e5 18. Qd1 exd4 19. Qg4+ Kh8 20. cxd4 Nbc6 21. Be3 Nxb4 22. Ke2 Qe8 23. Ra1 f5 24. Qh5 Rf8 25.
Qxe8 Rxe8 26. Kf3 Kg7 27. Ra4 Nbc6 28. Nd3 Kf6 29. Nf4 Rg8 30. h4 h6 31. h5 Kf7 32.
Nge2 Kf6 33. g3 Kf7 34. Ra1 Kf6 35. Rb1 Ra8 36. Rb5 Ra5 37. Rb3 Ra4 38. Nc3 Rc4 39. Ncxd5+ Nxd5 40. Nxd5+ Kg7 41. Nxb6 cxb6 42. d5 Ne5+ 43. Kg2 Ng4 44. Bf4 Nf6 45. Rxb6 Nxd5 46. Be5+ Kf7 47. Rxh6 b5 48. Rh7+ Kf8 49. h6 Re4 50.
Rh8+ Kf7 51. h7 Rxe5 52. Rb8 1-0

[Event "*** Titled Tuesday Blitz"]
[Site "Chess.com"]
[Date "2019.07.02"]
[Round "6"]
[White "CarlssonLudvig"]
[Black "GuerrieroFromLevant"]
[Result "0-1"]
[WhiteElo "2357"]
[BlackElo "2256"]
[TimeControl "180+2"]
[EndTime "14:23:39 PDT"]
[Termination "GuerrieroFromLevant won on time"]

1. d4 d5 2. c4 e6 3. Nc3 c5 4. cxd5 exd5 5. Nf3 Nc6 6. dxc5 d4 7.
Na4 Bxc5 8. Nxc5 Qa5+ 9. Qd2 Qxc5 10. e3 dxe3 11. Qxe3+ Qxe3+ 12. Bxe3 Nge7 13. Nd4 O-O 14. Nxc6 Nxc6 15. Bb5 Ne5 16. O-O-O Bf5 17. Bd4 Rac8+ 18. Bc3 Rc5 19. Be2 Rfc8 20. Rd4 b5 21. Rhd1 f6 22. a3 a5 23. Rd8+ Rxd8 24. Rxd8+ Kf7 25. Kd2 Nc6 26. Rd6 Ke7 27. Rxc6 Rxc6 28. Bxb5 Rc5 29. a4 Bd7 30. Bxa5 Rd5+ 31. Ke3 Bxb5 32. Bb4+ Ke6 33. axb5 Rxb5 34. Bc3 Kd5 35. h4 Rb3 36. g3 f5 37. Kf4 g6 38.
Kg5 Ke4 39. Kh6 Rb7 40. h5 gxh5 41. Kxh5 Kf3 42. Bd4 Rb4 43. Be5 Kxf2 44. Kg5 Rg4+ 45. Kxf5 Kf3 46. Bf4 h5 47. Be5 Rb4 48. Kg5 Rb5 49.
Kf5 Ra5 50. Kf6 Kg4 51. Bc7 Rb5 52. Be5 Rb6+ 53. Ke7 Kf5 54. Bc7 Rb3 55. Kd6 Rxb2 56. Bd8 Rb3 57. Bh4 Kg4 58. Ke5 Rxg3 0-1

[Event "*** Titled Tuesday Blitz"]
[Site "Chess.com"]
[Date "2019.07.02"]
[Round "6"]
[White "akgod"]
[Black "LarissaSteenbekkers"]
[Result "1-0"]
[WhiteElo "2219"]
[BlackElo "1981"]
[TimeControl "180+2"]
[EndTime "14:23:41 PDT"]
[Termination "akgod won on time"]

1. d4 Nf6 2. c4 g6 3. Nf3 Bg7 4. Nc3 d5 5. Bf4 O-O 6. e3 c5 7. dxc5 Qa5 8. Rc1 dxc4 9. Bxc4 Qxc5 10. Bb3 Qa5 11. O-O Bg4 12. h3 Bxf3 13. Qxf3 Nc6 14.
Rfd1 Rfd8 15. e4 Nd4 16. Rxd4 Rxd4 17. e5 Nh5 18. Be3 Rd7 19. Qxf7+ Kh8 20. g4 Rf8 21. Qe6 Rd3 22. gxh5 Qxe5 23. Qxe5 Bxe5 24. hxg6 hxg6 25. Ne4 Bf4 26. Bxf4 Rxf4 27. Rc8+ Kg7 28. Rg8+ Kh6 29. Ng3 Kh7 30. Re8 Rd7 31. Kg2 a5 32. Be6 Rc7 33.
Bg4 Kg7 34. Ra8 Rc2 35. Nh1 b6 36.
Ra7 Kf6 37. b4 Rxb4 38. a3 Rb3 39. Bd1 Rcb2 40. Bxb3 Rxb3 41. Rb7 Ke6 42. Ng3 Kd6 43. a4 Kc6 44. Rxe7 Rb4 45. Re6+ Kc5 46. Rxg6 Rxa4 47. Rg4 Rd4 48. Rxd4 Kxd4 49. h4 Ke5 50. h5 a4 51.
h6 Kf6 52. Ne4+ Kg6 53. Nc3 a3 54. Kf3 Kxh6 55. Na2 Kg5 56. Ke4 Kg4 57. f4 b5 58.
f5 Kg5 59. Ke5 Kh6 60. Kf6 Kh7 61. Ke7 1-0

[Event "*** Titled Tuesday Blitz"]
[Site "Chess.com"]
[Date "2019.07.02"]
[Round "6"]
[White "King_of_the_wing"]
[Black "Andrii_Prydun"]
[Result "0-1"]
[WhiteElo "2144"]
[BlackElo "2294"]
[TimeControl "180+2"]
[EndTime "14:23:41 PDT"]
[Termination "Andrii_Prydun won by resignation"]

1. e4 c6 2. d4 d5 3. f3 e5 4. dxe5 Bc5 5. Nc3 Qb6 6. Na4 Qa5+ 7. c3 Bxg1 8. Rxg1 dxe4 9. Qd4 Ne7 10. Bg5 Nf5 11.
Qxe4 b5 12. Nc5 Qb6 13. b4 Nd7 14. Qxf5 Nxc5 15. bxc5 Qxc5 16. Qd3 f6 17. Be3 Qxe5 18. Qe4 O-O 19. Qxe5 fxe5 20. O-O-O Be6 21. Bc5 Rfd8 22.
Be2 Bxa2 23. Rxd8+ Rxd8 24. Bxa7 Bd5 25. Rd1 Ra8 26.
Bc5 h5 27. Kd2 h4 28. Ke3 Ra2 29. g3 h3 30. Rd2 Ra1 31. Bxb5 Re1+ 32. Be2 Rh1 33. Bd3 Re1+ 34. Kf2 Rh1 35. c4 Rxh2+ 36. Ke3 Rxd2 37. Kxd2 h2 38. cxd5 cxd5 39. Bf5 h1=Q 40. Be6+ Kh8 41. Bxd5 Qg2+ 42. Ke3 Qxg3 43. Be4 Kg8 44. Bd6 Qf4+ 45. Kd3 Kf7 46. Kc4 Kf6 47. Kd5 Qd2+ 48. Kc6 Qd4 49. Kd7 g5 50. Kc6 g4 0-1

[Event "*** Titled Tuesday Blitz"]
[Site "Chess.com"]
[Date "2019.07.02"]
[Round "6"]
[White "Heineccius"]
[Black "ehrenfeld"]
[Result "1-0"]
[WhiteElo "2532"]
[BlackElo "2552"]
[TimeControl "180+2"]
[EndTime "14:23:44 PDT"]
[Termination "Heineccius won on time"]

1. d4 Nf6 2. c4 e6 3. Nc3 Bb4 4. g3 c5 5. Nf3 Bxc3+ 6. bxc3 Qa5 7. Bg2 Qxc3+ 8. Bd2 Qxc4 9. O-O O-O 10. Bf4 d5 11. Bd6 Re8 12. Bxc5 Nbd7 13. Bd6 b6 14.
Re1 Ne4 15. Bf4 Ba6 16. Bf1 Qc6 17. Rc1 Bc4 18. Nd2 Nxd2 19. Qxd2 b5 20. a3 Rec8 21.
Bg2 a5 22. e4 Nf6 23. e5 Ne4 24. Bxe4 dxe4 25. Bg5 Qb7 26. Qf4 Bd5 27. Rb1 h6 28. Bf6 Kf8 29. Qh4 gxf6 30. exf6 Ke8 31. Qxh6 Kd7 32.
h4 Kc6 33. Qf4 Kb6 34. Rxb5+ Kxb5 35. Rb1+ Ka6 36. Rxb7 Kxb7 37. Qd6 Rc7 38. h5 Rh8 39. Qe5 a4 40. g4 Rc3 41. Qd6 Rg8 42. Qb4+ Kc6 43. Qxc3+ Kd7 44. Qg3 e5 45. dxe5 Be6 46. g5 Bf5 47. Qf4 Ke6 48. Kh2 Rh8 49. h6 Rc8 50. Qd2 1-0

[Event "*** Titled Tuesday Blitz"]
[Site "Chess.com"]
[Date "2019.07.02"]
[Round "6"]
[White "LucaBrasi1968"]
[Black "Naruto-K"]
[Result "0-1"]
[WhiteElo "2431"]
[BlackElo "2535"]
[TimeControl "180+2"]
[EndTime "14:23:46 PDT"]
[Termination "Naruto-K won by checkmate"]

1. d4 Nf6 2. Nf3 g6 3. Bg5 Bg7 4. e3 d6 5. Bd3 O-O 6. c3 Nbd7 7. Nbd2 e5 8. O-O Qe7 9. e4 c6 10. a4 h6 11. Bh4 Re8 12. Re1 Qf8 13. h3 Nh5 14. Bc4 Nf4 15. Bg3 Ne6 16. dxe5 dxe5 17.
b4 a5 18. b5 Nf4 19. Qc2 Nb6 20. Bf1 Be6 21. c4 Nd7 22. Nb3 Nc5 23. Qc3 Nxb3 24.
Qxb3 Red8 25. Red1 Qc5 26. Qe3 Qxe3 27. fxe3 Nh5 28. Bxe5 Nf6 29. Nd4 Nxe4 30. Bxg7 Kxg7 31. bxc6 bxc6 32. Nxc6 Rdc8 33. Ne7 Rc5 34. Nd5 Rd8 35. Nf4 Rxd1 36. Nxe6+ fxe6 37. Rxd1 Nc3 38. Ra1 Kf6 39.
Ra3 Ne4 40. Bd3 Nd6 41. Rc3 g5 42. Kf2 Ke5 43. Kf3 Nc8 44. Rb3 Nd6 45. Rc3 Kf6 46. g4 Ke5 47. Rc2 Kf6 48. Rc3 Ke7 49. Rc2 Kd7 50.
Rc3 Kc7 51. Rc2 Nc8 52. Rb2 Nb6 53. Rb5 Nxa4 54. Rb3 Nb6 55. Ke4 a4 56. Ra3 e5 57.
Kf5 Kd7 58. e4 Ke7 59. Kg6 Rc6+ 60. Kf5 Nd7 61. Rxa4 Rf6# 0-1

[Event "*** Titled Tuesday Blitz"]
[Site "Chess.com"]
[Date "2019.07.02"]
[Round "6"]
[White "doons21"]
[Black "dopolian"]
[Result "0-1"]
[WhiteElo "2431"]
[BlackElo "2339"]
[TimeControl "180+2"]
[EndTime "14:23:49 PDT"]
[Termination "dopolian won by resignation"]

1. e4 e5 2. Nf3 Nc6 3. Nc3 Nf6 4.
g3 d5 5. exd5 Nxd5 6. Bg2 Nxc3 7. bxc3 Bc5 8. O-O O-O 9. Re1 Bb6 10. h3 Re8 11. d3 Qd6 12. Be3 f6 13. Kh2 Be6 14. a4 Rad8 15. Qc1 Bxe3 16. Qxe3 b6 17. Nd2 Qd7 18. Ne4 Ne7 19. a5 Nd5 20. Qd2 h6 21. axb6 axb6 22. c4 Ne7 23. Nc3 Bxc4 24. f4 exf4 25. Qxf4 Bf7 26. Ne4 Nd5 27. Qh4 f5 28. Nf2 Nf6 29. Qf4 Bd5 30. c4 Bxg2 31. Kxg2 Kh8 32. Kf1 g5 33. Qf3 Kg7 34. Rxe8 Rxe8 35. Ra7 Re7 36. Kg2 Qd6 37. Ra8 Qe6 38. Rd8 Rd7 39.
Rb8 Qe5 40. Qa8 Qe6 41. Rh8 Ng8 42. Rxg8+ Qxg8 43. Qc6 Re7 44. h4 Qe6 45. Qa8 gxh4 46. gxh4 Kh7 47. Kf3 Qe3+ 48. Kg2 Rg7+ 49. Kf1 Qc1+ 50.
Ke2 Re7+ 51. Kf3 Qe3+ 52. Kg2 Qe5 53. Qf3 Rg7+ 54. Kf1 Qa1+ 55. Ke2 Re7+ 56. Kd2 Qe1+ 57. Kc2 Re2+ 58. Kb3 Qxf2 59. Qc6 Rb2+ 60. Kc3 Qd2+ 61. Kd4 Qf4+ 62. Kd5 Qf3+ 0-1